 Dungeon Crawl Stone Soup version 0.31.0-11-ge490571c62 (webtiles) character file.

Game seed: 13522792632859267346

36148 Ruich the Summoner (level 13, -11/70 HPs)
             Began as a Felid Summoner on Feb 9, 2024.
             Was a High Priest of Kikubaaqudgha.
             Mangled by a cane toad (23 damage)
             ... on level 4 of the Lair of Beasts.
             The game lasted 01:34:54 (22881 turns).

Ruich the Summoner (Felid Summoner)                Turns: 22881, Time: 01:34:55

Health: -11/70     AC:  3    Str:  8    XL:     13   Next: 51%
Magic:  21/37      EV: 24    Int: 19    God:    Kikubaaqudgha [*****.]
Gold:   878        SH:  0    Dex: 18    Spells: 10/32 levels left
                                        Lives:  0   Deaths: 5

rFire   . . .        (weapon unavailable)
rCold   + . .        (shield unavailable)
rNeg    . . .        (body armour unavailable)
rPois   +            (helmet unavailable)
rElec   .            (cloak unavailable)
rCorr   .            (gloves unavailable)
SInv    +            (boots unavailable)
Will    +....        (no amulet)
Stlth   +++++        M - ring of magical power
HPRegen 0.31/turn    P - ring of poison resistance
MPRegen 0.25/turn

%: no passive effects
@: no status effects
A: very small, claws 1, fangs 3, see invisible, shaggy fur 3, stealthy paws, no
weapons or thrown items, no armour, multi-lived, horns 1
a: Renounce Religion, Unearth Wretches, Torment


You were on level 4 of the Lair of Beasts.
You worshipped Kikubaaqudgha.
Kikubaaqudgha was extremely pleased with you.
You visited 3 branches of the dungeon, and saw 17 of its levels.

You collected 878 gold pieces.


Innate Abilities, Weirdness & Mutations

You have sharp claws.
You have razor-sharp teeth.
You have supernaturally acute eyesight. (SInv)
Your thick and shaggy fur keeps you warm. (AC +3, rC+)
Your paws help you pounce on unaware monsters.
You are incapable of wielding weapons or throwing items.
You cannot wear armour.
You gain extra lives every three experience levels.
You have a pair of small horns on your head.


   Skills:
 + Level 9.0 Fighting
 - Level 10.0 Dodging
 - Level 10.0 Stealth
 - Level 10.3 Spellcasting
 - Level 8.0 Hexes
 - Level 11.0 Summonings
 * Level 8.4 Necromancy
 - Level 5.0 Fire Magic
 - Level 5.0 Air Magic


You had 10 spell levels left.
You knew the following spells:

 Your Spells              Type           Power      Damage    Failure   Level
c - Call Canine Familiar  Summ           51%        N/A       1%          3
d - Death Channel         Necr           20%        N/A       34%         6
l - Summon Lightning Spi  Summ/Air       40%        N/A       2%          4
x - Summon Blazeheart Go  Fire/Summ      40%        N/A       2%          4
z - Summon Small Mammal   Summ           100%       N/A       1%          1
X - Anguish               Hex/Necr       20%        N/A       2%          4

Your spell library contained the following spells:

 Spells                   Type           Power      Damage    Failure   Level
 Kiss of Death            Conj/Necr      100%       2d13      1%          1
 Call Imp                 Summ           100%       N/A       1%          2
 Ensorcelled Hibernation  Hex/Ice        50%        N/A       1%          2
 Sublimation of Blood     Necr           41%        N/A       1%          2
 Fugue of the Fallen      Necr           41%        N/A       1%          3
 Inner Flame              Hex/Fire       34%        N/A       1%          3
 Vampiric Draining        Necr           41%        2d8       1%          3
 Swiftness                Air            28%        N/A       2%          3
 Cause Fear               Hex            20%        N/A       2%          4
 Dispel Undead            Necr           41%        3d16      2%          4
 Mercury Vapours          Alch/Air       38%        N/A       3%          2
 Curse of Agony           Necr           41%        N/A       6%          5
 Freeze                   Ice            36%        1d5       7%          1
 Sting                    Conj/Alch      36%        1d5       7%          1
 Frozen Ramparts          Ice            18%        1d3       22%         3
 Hailstorm                Conj/Ice       9%         3d6       22%         3
 Passwall                 Erth           9%         N/A       22%         3
 Flame Wave               Conj/Fire      19%        2d7       26%         4
 Sticky Flame             Fire/Alch      19%        2d6       26%         4
 Metabolic Englaciation   Hex/Ice        12%        N/A       36%         5
 Leda's Liquefaction      Alch/Erth      4%         N/A       56%         4
 Olgreb's Toxic Radiance  Alch           9%         N/A       56%         4
 Petrify                  Alch/Erth      9%         N/A       56%         4
 Fireball                 Conj/Fire      9%         3d6       56%         5
 Dragon's Call            Summ           25%        N/A       100%        9

Inventory:

Jewellery
 M - a ring of magical power (left paw)
 P - a ring of poison resistance (right paw)
 R - a ring of resist corrosion
Wands
 d - a wand of polymorph (17)
 f - a wand of digging (7)
 s - a wand of roots (9)
 w - a wand of paralysis (5)
 x - a wand of flame (6)
Scrolls
 e - 2 scrolls of immolation
 j - 3 scrolls of teleportation {@r2}
 l - a scroll of vulnerability {unknown}
 o - 2 scrolls of fog
 p - 2 scrolls of brand weapon {unknown}
 q - 2 scrolls of identify {@r1}
 r - a scroll of revelation
 t - a scroll of summoning {unknown}
 u - a scroll of silence {unknown}
 v - 2 scrolls of amnesia
Potions
 a - a potion of magic
 b - 4 potions of curing {@q1}
 c - 3 potions of attraction
 g - 3 potions of lignification
 h - 3 potions of might
 i - 4 potions of enlightenment
 k - a potion of cancellation {unknown}
 m - a potion of mutation
 n - 2 potions of resistance {unknown}

Dungeon Overview and Level Annotations

Branches:
Dungeon (11/15)            Temple (1/1) D:5            Lair (5/5) D:11
  Swamp (0/4) Lair:2        Slime (0/5) Lair:4
  Snake: Lair:2-3    Spider: Lair:2-3       Orc: D:9-12

Altars:
Ashenzari
Cheibriados
Dithmenos
Elyvilon
Fedhas
Gozag
Hepliaklqana
Kikubaaqudgha
Makhleb
Nemelex Xobeh
Okawaru
Qazlal
Ru
Sif Muna
Trog
Uskayaw
Vehumet
Wu Jian
Xom
Yredelemnul
Zin
The Shining One

Shops:
D:1 (*[[*   D:3 (   D:4 *   D:7 (

Annotations:
D:9 3 runed translucent doors, PaiMei's ghost, novice GrEE

#.### #..## .## #...#
### ##.## ..###
######.######
....######.##P#'.##.P#
...........#........##
....##P#..........)..#
....########......>.##
....## ##...@F...#
.....# #...8...##
.....# ##.......#
..).## #P.#...###
####.## ######## #
##.# ###


You could see a cane toad (ally target) and a friendly lightning spire
(summoned).


Message History

Your blazeheart golem barely misses the catoblepas.
Unknown command.
Casting: Anguish (dangerous; 2% risk of failure)
Confirm with . or Enter, or press ? or * to list all spells.
An electric hum fills the air.
The catoblepas breathes a plume of calcifying dust at your blazeheart golem.
The blast of calcifying dust hits your blazeheart golem!
The blast of calcifying dust hits your lightning spire but does no damage.
The cane toad stings you!!
Unknown command.
The catoblepas breathes a plume of calcifying dust at your blazeheart golem.
The blast of calcifying dust hits your blazeheart golem.
The blast of calcifying dust hits your lightning spire.
The cane toad stings you!
* * * LOW HITPOINT WARNING * * *
Your blazeheart golem is engulfed in calcifying dust.
Your blazeheart golem stops moving altogether!
You climb upwards.
Your summoned ally is left behind.
There is a stone staircase leading down here.
Unknown command.
The cane toad closely misses you.
Casting: Summon Lightning Spire (dangerous; 2% risk of failure)
Confirm with . or Enter, or press ? or * to list all spells.
An electric hum fills the air.
The cane toad stings you!
* * * LOW HITPOINT WARNING * * *
Unknown command.
The cane toad attacks as it pursues you!
The cane toad stings you!!
You die...
Kikubaaqudgha rasps: "You have failed me!
Welcome... death!"

Skill      XL: |  1  2  3  4  5  6  7  8  9 10 11 12 13 |
---------------+----------------------------------------+-----
Spellcasting   | 3 4 5 6 7 8 9 10 | 10.3
Summonings     | 5 6 8 9 10 11 | 11.0
Fire Magic     | 1 2 3 4 5 |  5.0
Dodging        | 5 6 8 10 | 10.0
Stealth        | 5 7 9 10 | 10.0
Fighting       | 3 4 6 7 9 |  9.0
Air Magic      | 2 4 5 |  5.0
Hexes          | 3 6 8 |  8.0
Necromancy     | 2 4 6 8 |  8.4

Action                     |  1- 3 |  4- 6 |  7- 9 | 10-12 | 13-15 || total
---------------------------+-------+-------+-------+-------+-------++-------
  Melee: Unarmed           |    27 |    47 |    56 |    11 |     4 ||   145
         Bite              |     4 |     7 |     7 |     1 |       ||    19
         Headbutt          |       |     9 |    24 |       |     1 ||    34
         Punch             |       |       |     1 |     1 |       ||     2
   Cast: Summon Small Mamm |    46 |    38 |    15 |       |     3 ||   102
         Call Canine Famil |    13 |    18 |    17 |       |       ||    48
         Summon Blazeheart |       |     1 |    47 |    85 |    36 ||   169
         Summon Lightning  |       |       |     7 |    95 |    31 ||   133
         Anguish           |       |       |       |    25 |    13 ||    38
  Evoke: Wand              |       |     4 |     2 |       |       ||     6
    Use: Scroll            |     3 |     4 |     3 |     8 |     1 ||    19
         Potion            |     1 |       |     3 |     4 |     1 ||     9
   Stab: Distracted        |     1 |     1 |     3 |       |       ||     5
 Armour: Skin              |    15 |    31 |    80 |    99 |    36 ||   261
  Dodge: Dodged            |    56 |    79 |   157 |   222 |    78 ||   592

Levels and vault maps discovered:
D:1:      lightli_molten_gateway, layout_loops_corners, serial_shops, shop,
          nicolae_shop_stone, shop, shop_fountains, shop_statue,
          dreamdust_wishing_well
D:2:      layout_rooms, basic_altar, minmay_bisected
D:3:      cheibrodos_helix_gallery, layout_basic, marbit_many_paths,
          serial_shops, shop
D:4:      layout_cave_pools, nicolae_shop_gadgets
D:5:      cheibrodos_fzero, layout_basic, minmay_temple_entry_tees
D:6:      layout_basic
D:7:      layout_basic, serial_rivers, chequers_serial_rivers_micro_a,
          chequers_serial_rivers_room_b, chequers_serial_rivers_micro_e,
          chequers_serial_rivers_small_a, chequers_serial_rivers_marsh,
          nicolae_shop_firing_range
D:8:      layout_layer_cave
D:9:      layout_roguey, minmay_overflow_temple_star_quad, gammafunk_ghost_split
D:10:     minmay_smoke_and_mirrors, layout_basic
D:11:     layout_roguey, grunt_lair_entry_orc_guard_hut
Temple:   nicolae_temple_no_exploring_needed
Lair:1:   layout_loops_ring, nicolae_quartered_pool_little,
          serial_bayou_lagoon_b, lemuel_fruit_tree
Lair:2:   kb_forest_paths, layout_layer_cave, minmay_swamp_entry_worms
Lair:3:   layout_chaotic_city, nicolae_snake_entry_warm_welcome, uniq_gastronok
Lair:4:   layout_roguey, slime_entry_1
Lair:5:   evil_forest, layout_cellular_growth, nzn_sisyphean_effort, uniq_nessos

Notes
Turn   | Place    | Note
-------+----------+-------------------------------------------
     0 | D:1      | Ruich the Felid Summoner began the quest for the Orb.
     0 | D:1      | Reached XP level 1. HP: 9/9 MP: 4/4
   102 | D:1      | Found Vaidamas's Weapon Boutique.
   278 | D:1      | Found Bimank's Assorted Antiques.
   325 | D:1      | Found Quycruss's Antique Armour Emporium.
   369 | D:1      | Found Qegytw Ecau's Antique Armour Shop.
   384 | D:1      | Reached XP level 2. HP: 13/13 MP: 3/6
   597 | D:1      | Found Owkiqeu's General Store.
   768 | D:1      | Reached XP level 3. HP: 12/16 MP: 1/8
   832 | D:1      | Learned a level 3 spell: Call Canine Familiar
  1496 | D:2      | Reached skill level 3 in Spellcasting
  1525 | D:2      | Found a bloodstained altar of Trog.
  2094 | D:3      | Gained mutation: You have a pair of small horns on your
                  | head. [potion of mutation]
  2174 | D:3      | Found Xeqitiwk's Antique Weapon Shoppe.
  2485 | D:3      | Reached XP level 4. HP: 21/21 MP: 4/9
  2485 | D:3      | Gained a life (2 lives remaining)
  2495 | D:3      | Learned a level 4 spell: Summon Blazeheart Golem
  2720 | D:3      | Found a blossoming altar of Fedhas.
  3314 | D:4      | Reached skill level 5 in Summonings
  3472 | D:4      | Reached skill level 1 in Fire Magic
  3472 | D:4      | Reached XP level 5. HP: 24/24 MP: 6/11
  3751 | D:4      | Found Otwolan's Gadget Gallery.
  3793 | D:4      | Noticed a nameless horror
  3835 | D:4      | Killed a nameless horror
  3958 | D:4      | Noticed a phantom
  3986 | D:4      | Killed a phantom
  3987 | D:4      | Reached skill level 4 in Spellcasting
  3987 | D:4      | Reached skill level 2 in Fire Magic
  4107 | D:4      | Gained mutation: You are covered in thick fur. (AC +2)
                  | [Felid growth]
  4107 | D:4      | Reached XP level 6. HP: 28/28 MP: 10/13
  4220 | D:5      | Entered Level 5 of the Dungeon
  4351 | D:5      | Reached skill level 6 in Summonings
  4513 | D:5      | Found a staircase to the Ecumenical Temple.
  4523 | Temple   | Entered the Ecumenical Temple
  4530 | Temple   | Became a worshipper of Kikubaaqudgha
  4542 | D:5      | Reached skill level 3 in Fire Magic
  4542 | D:5      | Reached XP level 7. HP: 32/32 MP: 10/14
  4658 | D:5      | Reached skill level 5 in Spellcasting
  4736 | D:5      | Noticed a nameless horror
  4859 | D:5      | Noticed a yak
  5045 | D:4      | Killed a nameless horror
  5156 | D:4      | Killed a yak
  5250 | D:5      | Reached skill level 4 in Fire Magic
  5456 | D:5      | Reached XP level 8. HP: 27/36 MP: 11/17
  5564 | D:5      | Reached skill level 7 in Summonings
  5991 | D:5      | Learned a level 4 spell: Summon Lightning Spire
  6478 | D:6      | Reached skill level 6 in Spellcasting
  6618 | D:6      | Reached * piety under Kikubaaqudgha
  6618 | D:6      | Received a gift from Kikubaaqudgha
  6663 | D:6      | Reached skill level 5 in Fire Magic
  6803 | D:6      | Oneirical: hm
  6922 | D:6      | Oneirical: a great choice
  6930 | D:6      | Oneirical: i wish you the best of luck
  7041 | D:6      | Killed by an exploding blazeheart core
  7041 | D:6      | Lost a life (1 life remaining)
  7148 | D:6      | Ruich: thanks!
  7150 | D:6      | Oneirical: i wrote the guide so if there is anything you
                  | found confusing, i will be glad to edit it
  7150 | D:6      | Ruich: awesome guide sir, how long have you been working on
                  | it
  7353 | D:6      | Reached skill level 8 in Summonings
  7552 | D:6      | Oneirical: there used to be an older version that went
                  | gozag, so i cheated a bit by editing it
  7562 | D:6      | Oneirical: but overall it's probably around 25 hours of
                  | work
  7646 | D:6      | Oneirical: not counting actually playing my own build
  7646 | D:6      | Oneirical: of course
  7996 | D:7      | Reached XP level 9. HP: 39/39 MP: 15/20
  7996 | D:7      | Gained a life (2 lives remaining)
  8041 | D:7      | Reached skill level 3 in Dodging
  8041 | D:7      | Reached skill level 3 in Stealth
  8188 | D:7      | Reached skill level 1 in Fighting
  8188 | D:7      | Reached skill level 7 in Spellcasting
  8191 | D:7      | Reached skill level 1 in Air Magic
  8193 | D:7      | Slain by a slime creature
  8193 | D:7      | Lost a life (1 life remaining)
  8398 | D:7      | Reached skill level 4 in Stealth
  8599 | D:7      | Found Giboeges's Firing Range.
  8668 | D:7      | Reached skill level 2 in Fighting
  8668 | D:7      | Reached skill level 4 in Dodging
  8680 | D:7      | Killed a large slime creature
  8681 | D:7      | Reached skill level 2 in Air Magic
  8865 | D:7      | Reached skill level 5 in Stealth
  9159 | D:8      | Reached skill level 3 in Fighting
  9159 | D:8      | Reached skill level 5 in Dodging
  9876 | D:8      | Reached ** piety under Kikubaaqudgha
  9877 | D:8      | Reached XP level 10. HP: 49/49 MP: 8/22
  9877 | D:8      | Gained a life (2 lives remaining)
  9985 | D:8      | Reached skill level 9 in Summonings
  9985 | D:8      | Reached skill level 3 in Air Magic
 10316 | D:8      | Reached skill level 6 in Stealth
 11234 | D:8      | Learned a level 4 spell: Anguish
 11291 | D:9      | Noticed a two-headed ogre
 11327 | D:9      | Killed a two-headed ogre
 11328 | D:9      | Reached skill level 1 in Hexes
 11480 | D:9      | Found a runed translucent gate.
 11481 | D:9      | Found a runed translucent gate.
 11481 | D:9      | Noticed PaiMei's ghost (novice GrEE)
 11481 | D:9      | Noticed a deep elf pyromancer
 11483 | D:9      | Found a runed translucent gate.
 11484 | D:9      | Noticed an ogre mage
 11504 | D:9      | Reached skill level 1 in Necromancy
 11555 | D:9      | Found a bloodstained altar of Trog.
 11560 | D:9      | Found a shimmering blue altar of Sif Muna.
 11569 | D:9      | Found a basalt altar of Yredelemnul.
 11630 | D:9      | Reached skill level 6 in Dodging
 11816 | D:9      | Reached skill level 2 in Hexes
 11818 | D:9      | Reached skill level 4 in Fighting
 11819 | D:9      | Reached skill level 8 in Spellcasting
 12131 | D:9      | Noticed a two-headed ogre
 12141 | D:9      | Killed a two-headed ogre
 12142 | D:9      | Reached skill level 7 in Stealth
 12142 | D:9      | Reached skill level 3 in Hexes
 12142 | D:9      | Reached skill level 2 in Necromancy
 12189 | D:9      | Noticed a two-headed ogre
 12200 | D:9      | Killed a two-headed ogre
 12201 | D:9      | Reached skill level 4 in Air Magic
 12508 | D:10     | Entered Level 10 of the Dungeon
 12939 | D:10     | Reached XP level 11. HP: 54/54 MP: 16/24
 12952 | D:10     | Reached skill level 4 in Hexes
 12955 | D:10     | Reached skill level 7 in Dodging
 13120 | D:10     | Noticed an arcanist
 13234 | D:10     | Noticed an arcanist
 13242 | D:10     | Noticed an arcanist
 13244 | D:10     | Killed an arcanist
 13261 | D:10     | Killed an arcanist
 13262 | D:10     | Reached skill level 5 in Fighting
 13262 | D:10     | Reached skill level 3 in Necromancy
 13276 | D:10     | Killed an arcanist
 13347 | D:10     | Noticed an arcanist
 13372 | D:10     | Noticed an arcanist
 13585 | D:10     | Reached skill level 8 in Stealth
 13600 | D:10     | Reached *** piety under Kikubaaqudgha
 13600 | D:10     | Received a gift from Kikubaaqudgha
 13603 | D:10     | Oneirical: decent gift
 13603 | D:10     | Ruich: do i just go straight for death channel?
 13603 | D:10     | Oneirical: what are your current spells
 13603 | D:10     | Oneirical: probably yes, just go straight for dchan
 13603 | D:10     | Oneirical: nice you have anguish already
 13603 | D:10     | Oneirical: yep just rush dchan now
 13603 | D:10     | Ruich: yeah, ive never used it before so not sure how it
                  | works
 13603 | D:10     | Oneirical: every time something dies you get a free summon
 13603 | D:10     | Oneirical: very strong
 13603 | D:10     | Ruich: anguish i mean
 13603 | D:10     | Ruich: your talking about death channel right?
 13603 | D:10     | Oneirical: yes
 13613 | D:10     | Oneirical: anguish is also very good
 13741 | D:10     | Noticed a two-headed ogre
 13747 | D:10     | Oneirical: but it synergizes best with necro magic
 13751 | D:10     | Killed a two-headed ogre
 13752 | D:10     | Reached skill level 5 in Hexes
 13916 | D:10     | Oneirical: it will still do a lot of work as long as you
                  | cast it a lot
 13925 | D:10     | Oneirical: it's why i like quivering it with Q and p
 13925 | D:10     | Ruich: do i just use it at the start of every fight
 13925 | D:10     | Oneirical: only after you placed down your allies
 14018 | D:10     | Killed an arcanist
 14139 | D:10     | Killed an arcanist
 14177 | D:10     | Noticed an arcanist
 14180 | D:10     | Noticed an arcanist
 14181 | D:10     | Oneirical: in fact these
 14181 | D:10     | Oneirical: are probably good targets
 14184 | D:10     | Oneirical: if it was anguished it would have died there
 14184 | D:10     | Oneirical: from the reflect damage
 14184 | D:10     | Oneirical: anguish is too high fail but you see the
                  | usefulness
 14184 | D:10     | Ruich: mmmm i thought i had used it with "p"
 14184 | D:10     | Oneirical: they resisted it then
 14184 | D:10     | Ruich: ah
 14184 | D:10     | Oneirical: they still have ++
 14184 | D:10     | Oneirical: probably like 65% chance
 14184 | D:10     | Oneirical: to succeed
 14185 | D:10     | Killed an arcanist
 14185 | D:10     | Killed an arcanist
 14186 | D:10     | Reached skill level 8 in Dodging
 14186 | D:10     | Reached skill level 10 in Summonings
 14283 | D:10     | Ruich: chanced
 14290 | D:10     | Oneirical: all skill
 14290 | D:10     | Oneirical: no luck
 14297 | D:10     | Found the +3 warlock's mirror {omnireflect}
 14298 | D:10     | Noticed an arcanist
 14300 | D:10     | Noticed an arcanist
 14302 | D:10     | Noticed an arcanist
 14303 | D:10     | Noticed an arcanist
 14330 | D:10     | Oneirical: oh
 14330 | D:10     | Oneirical: yea this is because anguish is weak
 14330 | D:10     | Oneirical: 12% fail
 14334 | D:10     | Oneirical: once it's trained it's better
 14346 | D:10     | Killed from afar by an arcanist
 14346 | D:10     | Lost a life (1 life remaining)
 14439 | D:10     | Oneirical: nasty vault
 14446 | D:10     | Killed an arcanist
 14447 | D:10     | Reached skill level 4 in Necromancy
 14447 | D:10     | Reached skill level 5 in Air Magic
 14461 | D:10     | Killed an arcanist
 14462 | D:10     | Reached skill level 6 in Hexes
 14648 | D:10     | Killed an arcanist
 14649 | D:10     | Reached skill level 9 in Stealth
 14931 | D:10     | Oneirical: i thought you got oneshotted for a sec
 14949 | D:10     | Ruich: almost lol
 14961 | D:10     | Killed an arcanist
 14962 | D:10     | Reached skill level 6 in Fighting
 15236 | D:11     | Noticed a two-headed ogre
 15247 | D:11     | Killed a two-headed ogre
 15248 | D:11     | Gained mutation: Your thick and shaggy fur keeps you warm.
                  | (AC +3, rC+) [Felid growth]
 15248 | D:11     | Reached XP level 12. HP: 48/61 MP: 25/25
 15259 | D:11     | Reached skill level 9 in Spellcasting
 15452 | D:11     | Found the +9 scales of the Dragon King {rPois rF+ rC+
                  | Will+}
 15467 | D:11     | Noticed a boulder beetle
 15468 | D:11     | Oneirical: classic
 15468 | D:11     | Oneirical: play felid god items drop
 15468 | D:11     | Ruich: yeah lol
 15468 | D:11     | Ruich: can blazeheart kill these things
 15468 | D:11     | Oneirical: spire is good because it ignores half ac
 15471 | D:11     | Oneirical: with patience and positioning they die
 15473 | D:11     | Oneirical: yea can't get hit though
 15473 | D:11     | Oneirical: lol
 15473 | D:11     | Ruich: gonna take me a few runs to get used to the squishy
                  | lol
 15473 | D:11     | Oneirical: you're fine now
 15475 | D:11     | Oneirical: it's question marked
 15480 | D:11     | Oneirical: just don't eat a roll again
 15484 | D:11     | Killed a boulder beetle
 15628 | D:11     | Oneirical: nice
 15691 | D:11     | Oneirical: yea i saw on your account your wins are a lot of
                  | tanks and high hp stuff
 15703 | D:11     | Oneirical: so this must feel very weird
 15707 | D:11     | Ruich: yeah i got most of those wins like 4-5 years ago too
 15707 | D:11     | Ruich: coming back thers a lot of new stuff
 15707 | D:11     | Ruich: i did get 4 wins over the tourney though
 15713 | D:11     | Oneirical: congrats
 15816 | D:11     | Oneirical: didn't lose the skill after those years
 15828 | D:11     | Ruich: im getting down to the hard stuff for great player
 15828 | D:11     | Ruich: got felid, mummy, octopode left
 15828 | D:11     | Ruich: demigod, and tengu i think
 15849 | D:11     | Noticed a two-headed ogre
 15861 | D:11     | Killed a two-headed ogre
 15953 | D:11     | Oneirical: i don't think any dcss species is truly bad
 15956 | D:11     | Found a staircase to the Lair.
 15959 | D:11     | Oneirical: except mummy of course
 16210 | D:11     | Oneirical: i'm doing greatfelid personally
 16215 | D:11     | Oneirical: !lg
 16216 | D:11     | beem: 1353. Oneirical the Cat of Death (L22 FeFi of Jiyva),
                  | blasted by a black draconian knight (bolt of lightning) on
                  | Zot:5 on 2024-02-09 03:45:16, with 452080 points after
                  | 54617 turns and 2:27:01.
 16216 | D:11     | Oneirical: lost my fefi in zot5
 16216 | D:11     | Ruich: D:
 16436 | D:11     | Noticed a two-headed ogre
 16444 | D:11     | Killed a two-headed ogre
 16445 | D:11     | Reached skill level 7 in Hexes
 16519 | D:11     | Reached skill level 9 in Dodging
 16640 | Lair:1   | Entered Level 1 of the Lair of Beasts
 16734 | Lair:1   | Reached skill level 5 in Necromancy
 16909 | Lair:1   | Reached **** piety under Kikubaaqudgha
 17233 | Lair:1   | Oneirical: this is where anguish shines
 17510 | Lair:1   | Ruich: nice
 17684 | Lair:1   | Oneirical: the reflect damage works on allies
 17686 | Lair:1   | Oneirical: which is the relevant part
 17813 | Lair:1   | Oneirical: piercing bolt of fire through 6 spectres =
                  | oneshot
 17886 | Lair:1   | Reached skill level 10 in Stealth
 18371 | Lair:2   | Noticed a four-headed hydra
 18372 | Lair:2   | Oneirical: yikes
 18374 | Lair:2   | Oneirical: expected
 18374 | Lair:2   | Ruich: tp scroll?
 18374 | Lair:2   | Oneirical: i would heal and resummon
 18374 | Lair:2   | Oneirical: if you don't heal you might die next turn
 18377 | Lair:2   | Oneirical: bad placement
 18377 | Lair:2   | Oneirical: at least it slows down hydra
 18377 | Lair:2   | Oneirical: i suppose
 18377 | Lair:2   | HP: 2/62 [swamp worm (16)]
 18382 | Lair:2   | Oneirical: lol
 18382 | Lair:2   | Oneirical: how are you still alives
 18382 | Lair:2   | Ruich: just watch im goin up these stairs
 18383 | Lair:2   | Oneirical: lol
 18383 | Lair:2   | HP: 3/62 [four-headed hydra (1)]
 18383 | Lair:2   | Slain by a four-headed hydra
 18383 | Lair:2   | Lost a life (0 lives remaining)
 18384 | Lair:2   | Oneirical: nice try
 18390 | Lair:2   | Oneirical: that was a pretty unavoidable death tbh
 18417 | Lair:2   | Ruich: if i hadn't blown myself up twice with blazeheart
                  | figuring out how it worked i'd be in good shape lol
 18424 | Lair:2   | Oneirical: lmao
 18440 | Lair:2   | Oneirical: now you know forever
 18441 | Lair:2   | Reached skill level 8 in Hexes
 18469 | Lair:2   | Oneirical: to have a way to step out
 18482 | Lair:2   | Reached skill level 7 in Fighting
 18511 | Lair:2   | Ruich: ya almost did it again
 18511 | Lair:2   | Oneirical: almost proved me wrong there
 18514 | Lair:2   | Oneirical: lmao
 18573 | Lair:2   | Ruich: i guess he cant catch the woods on fire? lol
 18586 | Lair:2   | Oneirical: it used to do it
 18588 | Lair:2   | Oneirical: i think something bugged it
 18820 | Lair:2   | Oneirical: when waiting behind golem like that anguish is
                  | free damage
 19204 | Lair:2   | Reached skill level 6 in Necromancy
 19387 | Lair:2   | Reached skill level 10 in Dodging
 19566 | Lair:2   | Reached skill level 11 in Summonings
 19733 | Lair:2   | Killed a four-headed hydra
 19734 | Lair:2   | Reached XP level 13. HP: 67/67 MP: 25/27
 19734 | Lair:2   | Gained a life (1 life remaining)
 19755 | Lair:2   | Oneirical: now you witness the power
 19810 | Lair:2   | Ruich: revenge
 20161 | Lair:2   | Reached skill level 10 in Spellcasting
 20320 | Lair:2   | Reached skill level 8 in Fighting
 20409 | Lair:2   | Reached skill level 7 in Necromancy
 20419 | Lair:2   | Slain by an elephant
 20419 | Lair:2   | Lost a life (0 lives remaining)
 20421 | Lair:2   | Oneirical: wtf
 20422 | Lair:2   | Oneirical: that was so unlucky lol
 20422 | Lair:2   | Ruich: lol
 20430 | Lair:2   | Oneirical: try root wand if you need to create gap
 20430 | Lair:2   | Ruich: got greedy i shoulda went upstairs and healed up
 20446 | Lair:2   | Found a staircase to the Swamp.
 20729 | Lair:2   | Oneirical: getting pursued like that is brutal in the new
                  | versions
 20735 | Lair:2   | Oneirical: as you no doubt have seen
 20738 | Lair:2   | Reached ***** piety under Kikubaaqudgha
 20836 | Lair:2   | Ruich: yeah
 20836 | Lair:2   | Ruich: no more chasing around the pillar
 21508 | Lair:3   | Learned a level 6 spell: Death Channel
 21618 | Lair:3   | You fall into a shaft and drop 1 floor!
 21824 | Lair:4   | Oneirical: all skill
 21825 | Lair:4   | Ruich: planned
 21828 | Lair:4   | Oneirical: calculated
 22021 | Lair:4   | Reached skill level 8 in Necromancy
 22157 | Lair:4   | Found a staircase to the Slime Pits.
 22172 | Lair:4   | Oneirical: no jiyva altar
 22177 | Lair:4   | Reached skill level 9 in Fighting
 22177 | Lair:4   | Oneirical: splendid that means you get to do the fun part
 22247 | Lair:4   | Ruich: i havent actually read that far in the guide, you
                  | wait till depths or so to switch right?
 22247 | Lair:4   | Oneirical: lol no
 22247 | Lair:4   | Ruich: gonna read it tomorrow at work when im um... working
 22247 | Lair:4   | Oneirical: after orc mines
 22247 | Lair:4   | Oneirical: i go slime
 22247 | Lair:4   | Oneirical: not joking
 22791 | Lair:5   | Entered Level 5 of the Lair of Beasts
 22794 | Lair:4   | Ruich: nope
 22861 | Lair:4   | Oneirical: lol
 22865 | Lair:5   | Oneirical: almost went in slime
 22867 | Lair:5   | Oneirical: i always do that
 22881 | Lair:4   | Mangled by a cane toad

Vanquished Creatures
  6 two-headed ogres
  5 arcanists (D:10)
  6 elephants
  A torpor snail (Lair:2)
  4 cane toads
  A rime drake (Lair:1)
  3 komodo dragons
  A tyrant leech (Lair:2)
  10 blink frogs
  2 spriggans (Lair:2)
  6 yaks
  4 slime creatures (D:7)
  A wyvern (Lair:2)
  A basilisk (Lair:1)
  A steam dragon (D:8)
  2 vampire mosquitoes (D:11)
  A swamp worm (Lair:2)
  2 orc warriors
  A black bear (D:5)
  An ogre (D:5)
  2 wolves
  2 centaurs
  A nameless horror (D:4)
  A bullfrog (D:7)
  7 wights
  A killer bee (D:9)
  A howler monkey (D:11)
  A hound (D:4)
  A bombardier beetle (D:6)
  A gnoll bouda (D:5)
  A sleepcap (D:5)
  An orc wizard (D:7)
  4 gnolls
  2 adders
  A ribbon worm (D:5)
  4 orcs
  2 endoplasms
  2 giant cockroaches
  2 hobgoblins (D:1)
  4 quokkas
  2 ball pythons
  A bat (D:3)
  4 goblins
  4 kobolds
111 creatures vanquished.

Vanquished Creatures (collateral kills)
  A hydra (Lair:2)
  2 boulder beetles
  A two-headed ogre (D:10)
  6 arcanists (D:10)
  2 elephants (Lair:2)
  A black mamba (Lair:2)
  A slime creature (D:7)
  2 kobold demonologists (D:10)
  2 cane toads (Lair:2)
  A tyrant leech (Lair:2)
  A hornet (D:9)
  2 dream sheep (Lair:2)
  10 blink frogs
  7 spriggans (Lair:2)
  A shadow (D:10)
  5 yaks
  2 basilisks (Lair:2)
  5 wyverns
  4 nameless horrors
  2 steam dragons
  A swamp worm (Lair:2)
  5 water moccasins
  3 orc warriors
  4 black bears
  A sky beast (D:7)
  5 wolves
  2 centaurs (D:8)
  A phantom (D:4)
  6 kobold brigands
  10 bullfrogs
  6 wights
  3 scorpions
  8 killer bees
  5 howler monkeys
  2 jellies
  4 orc priests
  3 bombardier beetles
  3 hounds
  A sleepcap (D:5)
  4 iguanas
  9 orc wizards
  5 gnolls
  7 adders
  A shadow imp (D:7)
  A white imp (D:5)
  4 ufetubi
  A dart slug (D:4)
  4 ribbon worms
  35 orcs
  7 endoplasms
  3 giant cockroaches
  2 goblins
  2 hobgoblins (D:1)
  15 kobolds
  2 quokkas
  5 ball pythons
  7 bats
  5 rats
250 creatures vanquished.

Vanquished Creatures (others)
  A cane toad (Lair:2)
  A tyrant leech (Lair:2)
  2 blink frogs
  A swamp worm (Lair:2)
  6 electric eels (Lair:1)
  85 blazeheart cores
96 creatures vanquished.

Grand Total: 457 creatures vanquished

Table legend: (Time is in decaauts)
 A = Elapsed time spent in this place.
 B = Non-inter-level travel time spent in this place.
 C = Inter-level travel time spent in this place.
 D = Time resting spent in this place.
 E = Time spent auto-exploring this place.
 F = Levels seen in this place.
 G = Mean time per level.
                   A        B        C        D        E       F      G
               +--------+--------+--------+--------+--------+-----+--------+
         Total |  22919 |  22437 |    482 |   9201 |   7806 |  17 | 1348.2 |
       Dungeon |  16652 |  16330 |    322 |   6624 |   5811 |  11 | 1513.8 |
        Temple |     14 |     14 |      0 |      0 |      0 |   1 |   14.0 |
          Lair |   6252 |   6092 |    160 |   2577 |   1995 |   5 | 1250.4 |
               +--------+--------+--------+--------+--------+-----+--------+

Top non-repeatable levels by time:
  Lair:2: 3124 daAuts
    D:10: 2595 daAuts
     D:8: 2139 daAuts
  Lair:1: 1738 daAuts
     D:4: 1676 daAuts
     D:6: 1522 daAuts
     D:5: 1504 daAuts
     D:9: 1471 daAuts
    D:11: 1306 daAuts
  Lair:4: 1247 daAuts
     D:7: 1247 daAuts
     D:1: 1173 daAuts
     D:3: 1095 daAuts
     D:2: 920 daAuts
  Lair:3: 126 daAuts

Table legend:
 A = Non-vault XP
 B = Vault XP
 C = Vault XP percentage of total XP
 D = Non-vault monster count
 E = Vault monster count
 F = Vault count percentage of total count
                 A         B        C        D         E       F
            +---------+---------+-------+---------+---------+-------
      Total |   36304 |   15336 |  29.7 |     307 |      60 |  16.3
            +---------+---------+-------+---------+---------+-------
        D:1 |      47 |       0 |   0.0 |      20 |       0 |   0.0
        D:2 |      30 |       5 |  14.3 |      13 |       2 |  13.3
        D:3 |      30 |       3 |   9.1 |      14 |       3 |  17.6
        D:4 |     330 |     344 |  51.0 |      25 |       2 |   7.4
        D:5 |     395 |     615 |  60.9 |      22 |      12 |  35.3
        D:6 |     879 |       0 |   0.0 |      26 |       0 |   0.0
        D:7 |    2098 |       0 |   0.0 |      16 |       0 |   0.0
        D:8 |    1659 |       0 |   0.0 |      28 |       0 |   0.0
        D:9 |    4245 |       0 |   0.0 |      26 |       0 |   0.0
       D:10 |    3322 |    7655 |  69.7 |      21 |      11 |  34.4
       D:11 |    4339 |    1345 |  23.7 |      24 |       6 |  20.0
     Lair:1 |    4101 |       0 |   0.0 |      24 |       0 |   0.0
     Lair:2 |    9566 |    5369 |  35.9 |      30 |      24 |  44.4
     Lair:3 |     411 |       0 |   0.0 |       1 |       0 |   0.0
     Lair:4 |    4852 |       0 |   0.0 |      17 |       0 |   0.0
            +---------+---------+-------+---------+---------+-------
